 Dungeon Crawl Stone Soup version 0.20-a0-871-g785f14b (webtiles) character file.

0 JeffiDaFish the Digger (level 1, 0/10 HPs)
             Began as a Gargoyle Earth Elementalist on Mar 14, 2017.
             Slain by a leopard gecko (2 damage)
             ... on level 1 of the Dungeon.
             The game lasted 00:00:19 (69 turns).

JeffiDaFish the Digger (Gargoyle Earth Elementalist)  Turns: 69, Time: 00:00:19

Health: 0/10       AC:  4    Str: 11    XL:     1   Next: 10%
Magic:  0/3        EV: 12    Int: 15    God:
Gold:   0          SH:  0    Dex: 10    Spells: 3/4 levels left

rFire    . . .     SeeInvis .   (no weapon)
rCold    . . .     Gourm    .   c - +0 robe
rNeg     + . .     Faith    .   (no shield)
rPois    ∞         Spirit   .   (no helmet)
rElec    +         Reflect  .   (no cloak)
rCorr    .         Harm     .   (no gloves)
MR       .....                  (no boots)
Stlth    ++........             (no amulet)
Regen    0.1/turn               (no ring)
MPRegen  0.1/turn               (no ring)

@: very slightly contaminated
A: negative energy resistance 1, electricity resistance, unbreathing,
petrification resistance, rot immunity, AC +2
a: no special abilities


You were on level 1 of the Dungeon.
You were not hungry.

You visited 1 branch of the dungeon, and saw 1 of its levels.

Inventory:

Missiles
 b - 30 stones (quivered)
Armour
 c - a +0 robe (worn)
Books
 e - a book of Geomancy

   Spells                             Type                      Level
   a - Sandblast                      Earth                        1
   b - Passwall                       Transmutation/Earth          2
   c - Stone Arrow                    Conjuration/Earth            3
   d - Petrify                        Transmutation/Earth          4
   e - Lee's Rapid Deconstruction     Earth                        5
Comestibles
 d - a bread ration


   Skills:
 + Level 1.5 Dodging
 + Level 2.1 Stealth
 + Level 2.0 Spellcasting
   Level 0.7 Transmutations
 + Level 3.7 Earth Magic


You had 3 spell levels left.
You knew the following spells:

 Your Spells              Type           Power        Failure   Level  Hunger
a - Sandblast             Erth           ##....       6%          1    #......


Dungeon Overview and Level Annotations

Branches:
Dungeon (1/15)

Altars:


Innate Abilities, Weirdness & Mutations

You are resistant to torment.
Your stone body is resilient. (AC +2)
You are immune to poison.
You resist negative energy. (rN+)
You are resistant to electric shocks. (rElec)
You can survive without breathing.
You are immune to petrification.
You are immune to rotting.


Message History

Aiming: Sandblast
Press: ? - help, Shift-Dir - straight line, f/p - leopard gecko
Aim: a leopard gecko The blast of sand misses the leopard gecko.
b - 30 stones The leopard gecko closely misses you.
You closely miss the leopard gecko. The leopard gecko barely misses you.
You barely miss the leopard gecko. The leopard gecko closely misses you.
You completely miss the leopard gecko.
The leopard gecko completely misses you.
The rat barely misses you. The leopard gecko bites you.
You barely miss the leopard gecko. The rat barely misses you.
The leopard gecko bites you but does no damage.
You miss the leopard gecko. The rat bites you.
* * * LOW HITPOINT WARNING * * *
The leopard gecko bites you.
* * * LOW HITPOINT WARNING * * *
You barely miss the leopard gecko. The rat barely misses you.
The leopard gecko bites you.
You die...

#........)#.# #
#########.........#.##
....$................#
..................##.#..
..........>.............
..............###.#####.
.......$......# #...
..............# #####
......l@......#
......r.......#
..............#
.........######
.........# ..........
.......... ...####....


You could see a leopard gecko and a rat.

Vanquished Creatures
  A kobold (D:1)
1 creature vanquished.

Notes
Turn   | Place    | Note
-------+----------+-------------------------------------------
     0 | D:1      | JeffiDaFish the Gargoyle Earth Elementalist began the quest for the Orb.
     0 | D:1      | Reached XP level 1. HP: 10/10 MP: 3/3
     2 | D:1      | Noticed a spriggan
     2 | D:1      | Noticed a human
     4 | D:1      | Noticed a centaur
     4 | D:1      | Noticed a tengu
     6 | D:1      | Noticed a formicid
     8 | D:1      | Noticed a demonspawn
     8 | D:1      | Noticed a ghoul
    10 | D:1      | Noticed a naga
    10 | D:1      | Noticed a vine stalker
    12 | D:1      | Noticed an ogre
    12 | D:1      | Noticed a minotaur
    14 | D:1      | Noticed a dwarf
    16 | D:1      | Noticed a halfling
    16 | D:1      | Noticed a gargoyle
    18 | D:1      | Noticed an octopode
    18 | D:1      | Noticed a demigod
    20 | D:1      | Noticed a merfolk
    22 | D:1      | Noticed a troll
    24 | D:1      | Noticed a felid
    24 | D:1      | Noticed an elf
    26 | D:1      | Noticed a vampire
    26 | D:1      | Noticed a draconian
    69 | D:1      | Slain by a leopard gecko

Vault maps used:
D:1:      kb_arrival_jail, minivault_23

Action                   || total
-------------------------++-------
Melee: Unarmed           ||     6
 Cast: Sandblast         ||     3
  Use: Scroll            ||     1
Armor: Robe              ||     2
Dodge: Dodged            ||     9
